 Dungeon Crawl Stone Soup version 0.31.0-11-ge490571c62 (webtiles) character file.

Game seed: 16836215497832824647

105 KKCryptic the Sneak (level 5, 0/28 HPs)
             Began as a Kobold Enchanter on Feb 6, 2024.
             Incinerated by a bombardier beetle (3 damage)
             ... with a burning spray
             ... on level 3 of the Dungeon.
             The game lasted 00:12:41 (2846 turns).

KKCryptic the Sneak (Kobold Enchanter)              Turns: 2846, Time: 00:12:42

Health: 0/28       AC:  2    Str:  6    XL:     5   Next: 9%
Magic:  0/8        EV: 15    Int: 16    God:
Gold:   173        SH:  0    Dex: 17    Spells: 6/8 levels left

rFire   . . .        a - +1 dagger
rCold   . . .        (no shield)
rNeg    . . .        q - +0 robe
rPois   .            (no helmet)
rElec   .            (no cloak)
rCorr   .            (no gloves)
SInv    .            (no boots)
Will    .....        (no amulet)
Stlth   +            (no ring)
HPRegen 0.24/turn    (no ring)
MPRegen 0.11/turn

%: no passive effects
@: confused, on fire, ambrosia-drunk, glowing
A: small, no large weapons, nightstalker 3
a: no special abilities


You were on level 3 of the Dungeon.
You visited 1 branch of the dungeon, and saw 3 of its levels.

You collected 173 gold pieces.

Inventory:

Hand Weapons
 a - a +1 dagger (weapon)
Armour
 q - a +0 robe (worn)
Scrolls
 b - a scroll of poison {unknown}
 d - a scroll of enchant weapon {unknown}
 e - a scroll of teleportation {unknown}
 h - 2 scrolls of noise {unknown}
 j - a scroll of fog {unknown}
 l - a scroll of immolation {unknown}
 n - 4 scrolls of identify {unknown}
 r - a scroll of blinking {unknown}
Potions
 c - a potion of invisibility
 f - a potion of cancellation {unknown}
 g - a potion of magic {unknown}
 i - a potion of attraction {unknown}
 m - a potion of enlightenment {unknown}
 o - a potion of ambrosia
 p - 2 potions of haste {unknown}


   Skills:
 * Level 3.8 Short Blades
 - Level 2.4 Dodging
 + Level 4.9 Stealth
 - Level 2.1 Spellcasting
 * Level 4.1 Hexes


You had 6 spell levels left.
You knew the following spells:

 Your Spells              Type           Power      Damage    Failure   Level
z - Ensorcelled Hibernat  Hex/Ice        16%        N/A       13%         2

Your spell library contained the following spells:

 Spells                   Type           Power      Damage    Failure   Level
 Confusing Touch          Hex            15%        N/A       11%         3
 Tukima's Dance           Hex            15%        N/A       11%         3
 Dazzling Flash           Conj/Hex       16%        N/A       26%         3
 Scorch                   Fire           2%         2d5       30%         2
 Flame Wave               Conj/Fire      1%         2d4       90%         4
 Summon Cactus Giant      Summ           0%         N/A       100%        6


Dungeon Overview and Level Annotations

Branches:
Dungeon (3/15)

Altars:
Sif Muna

Shops:
D:1 (:[(


Innate Abilities, Weirdness & Mutations

You are small and have problems with some larger weapons.
You are completely attuned to the shadows.


Message History

You hit the bombardier beetle but do no damage.
The bombardier beetle is heavily wounded.
The bombardier beetle barely misses you.
You hit the bombardier beetle but do no damage.
The bombardier beetle is heavily wounded.
You barely miss the bombardier beetle.
The bombardier beetle is heavily wounded.
The bombardier beetle sprays incendiary fluid at you.
The burning spray hits you.
You are covered in liquid fire!
You hit the bombardier beetle but do no damage.
The bombardier beetle is heavily wounded.
The liquid fire burns you!
Casting: Ensorcelled Hibernation (safe; 13% risk of failure)
Confirm with . or Enter, or press ? or * to list all spells.
Aiming: Ensorcelled Hibernation (safe; 13% risk of failure)
Press: ? - help, Shift-Dir - straight line, f/p - bombardier beetle
Aim: a bombardier beetle (heavily wounded, chance to affect: 41%)
The bombardier beetle resists with some effort.
The liquid fire burns you!
The bombardier beetle sprays incendiary fluid at you.
The burning spray hits you.
You are even more covered in liquid fire!
You shake off some of the fire as you move.
The liquid fire burns you!
You shake off some of the fire as you move.
The liquid fire burns you!
* * * LOW HITPOINT WARNING * * *
You see here a +0 mace.
You shake off some of the fire as you move.
The liquid fire burns you!
* * * LOW HITPOINT WARNING * * *
It was a potion of curing.
You feel better. The liquid fire burns you!
* * * LOW HITPOINT WARNING * * *
It was a potion of ambrosia.
You are confused.
You feel invigorated. The liquid fire burns you!
You die...

....<..###...#### #.# ##.##
...........#.....##.# #..+
######..##...###.##.###..##
# ##..###.####.#........# #
# ##.#....#..........###...
# # ##.###.##.####.#....#
##. ## # #.## ##...#
#.##.#.# .###. ##.###.####
#....#.# ..... ##.#.##
##@####.# ####. ##..#
####8)8## #. ##.#
#...B....# #. #.#
#.##8.8#.. #######. #.. ..
##.##.. #....... ##### #...
#.###### ### #.# #.# #.#


You could see a bombardier beetle.

Vanquished Creatures
  An orc priest (D:2)
  2 adders (D:2)
  A ribbon worm (D:3)
  2 dart slugs (D:1)
  4 orcs (D:2)
  3 ball pythons
  5 bats
  2 endoplasms (D:1)
  3 giant cockroaches
  2 goblins (D:1)
  4 hobgoblins
  3 kobolds
  5 quokkas
  3 frilled lizards
  8 rats
48 creatures vanquished.

Notes
Turn   | Place    | Note
-------+----------+-------------------------------------------
     0 | D:1      | KKCryptic the Kobold Enchanter began the quest for the Orb.
     0 | D:1      | Reached XP level 1. HP: 10/10 MP: 3/3
    41 | D:1      | Found Ajuytez's Antique Armour Shoppe.
   189 | D:1      | Found Omacrulo's Antique Weapon Emporium.
   239 | D:1      | Reached XP level 2. HP: 15/15 MP: 5/5
   364 | D:1      | Learned a level 2 spell: Ensorcelled Hibernation
   462 | D:1      | Found Quzal's Book Boutique.
   482 | D:1      | Reached XP level 3. HP: 16/19 MP: 6/6
   573 | D:1      | Found Nezxeafoul's Antique Weapon Shoppe.
  1121 | D:2      | Reached XP level 4. HP: 5/24 MP: 0/7
  1820 | D:2      | Found a shimmering blue altar of Sif Muna.
  2490 | D:3      | Reached XP level 5. HP: 28/28 MP: 8/8
  2671 | D:3      | Found a faded altar of an unknown god.
  2844 | D:3      | HP: 1/28 [burnt (5)]
  2846 | D:3      | Incinerated by a bombardier beetle

Illustrated notes

Levels and vault maps discovered:
D:1:      roderic_crop_circles_arrival_small, layout_basic, serial_shops,
          nicolae_shop_pleasant_corner_grove, shop, shop, shop
D:2:      layout_basic, basic_altar, serial_corexii_hall,
          chequers_hall_statues_corner_a, corexii_hall_statues_t,
          kennysheep_generic_room_13
D:3:      cheibrodos_greedy_goblins, layout_loops_ring,
          shapermc_ecumenical_altar_mp_highgroup, small_statue_intersection,
          minivault_26

Skill      XL: |  1  2  3  4 |
---------------+-------------+-----
Short Blades   | 2 3 |  3.8
Hexes          | 4 |  4.1
Dodging        | |  2.4
Stealth        | |  4.9
Spellcasting   | |  2.1

Action                     |  1- 3 |  4- 6 || total
---------------------------+-------+-------++-------
  Melee: Dagger            |    73 |    62 ||   135
         Punch             |     1 |     1 ||     2
   Cast: Ensorcelled Hiber |     4 |    12 ||    16
    Use: Potion            |     1 |     2 ||     3
   Stab: Sleeping          |    11 |    19 ||    30
         Invisible         |     3 |       ||     3
 Armour: Robe              |    35 |    13 ||    48
  Dodge: Dodged            |    39 |    22 ||    61
